 Dungeon Crawl Stone Soup version 0.32-a0-876-gcfddb08e57 (webtiles) character file.

Game seed: 1191897263062139541

27 PimpSugar the Magician (level 2, 0/20 HPs)
             Began as a Demonspawn Hedge Wizard on Mar 31, 2024.
             Slain by an adder (3 damage)
             ... on level 2 of the Dungeon.
             The game lasted 00:04:14 (1249 turns).

PimpSugar the Magician (Demonspawn Hedge Wizard)    Turns: 1249, Time: 00:04:15

Health: 0/20       AC:  2    Str: 10    XL:     2   Next: 93%
Magic:  11/15      EV: 11    Int: 14    God:
Gold:   119        SH:  0    Dex: 12    Spells: 4/7 levels left

rFire   . . .        j - +0 rapier
rCold   . . .        (no shield)
rNeg    . . .        b - +0 robe
rPois   +            c - +0 hat
rElec   .            (no cloak)
rCorr   .            (no gloves)
SInv    .            (no boots)
Will    .....        (no amulet)
Stlth   ++           f - ring of poison resistance
HPRegen 0.23/turn    k - ring of magical power
MPRegen 0.14/turn

%: no passive effects
@: lethally poisoned (0 -> -3), very slightly contaminated
A: powered by death 1
a: no special abilities


You were on level 2 of the Dungeon.
You visited 1 branch of the dungeon, and saw 2 of its levels.

You collected 119 gold pieces.

Inventory:

Hand Weapons
 a - a +0 dagger
 j - a +0 rapier (weapon)
Missiles
 e - 4 poisoned darts (quivered)
 i - 13 stones
Armour
 b - a +0 robe (worn)
 c - a +0 hat (worn)
Jewellery
 f - a ring of poison resistance (left hand)
 k - a ring of magical power (right hand)
Scrolls
 g - 2 scrolls of immolation {unknown}
 h - a scroll of torment {unknown}
Potions
 d - a potion of magic
 l - a potion of curing {unknown}


   Skills:
 + Level 0.6 Fighting
 - Level 1.9 Dodging
 + Level 2.0 Stealth
 * Level 3.2 Spellcasting
 * Level 1.5 Conjurations
 + Level 1.3 Summonings
 + Level 1.1 Translocations


You had 4 spell levels left.
You knew the following spells:

 Your Spells              Type           Power      Damage    Failure   Level
a - Magic Dart            Conj           24%        1d4       11%         1
b - Call Imp              Summ           12%        N/A       19%         2

Your spell library contained the following spells:

 Spells                   Type           Power      Damage    Failure   Level
 Blink                    Tloc           10%        N/A       21%         2
 Slow                     Hex            8%         N/A       22%         1
 Cigotuvi's Dreadful Rot  Necr/Alch/Air  4%         N/A       32%         2
 Mephitic Cloud           Conj/Alch/Air  3%         N/A       45%         3
 Petrify                  Alch/Erth      2%         N/A       91%         4
 Orb of Destruction       Conj           3%         9d5       100%        7


Dungeon Overview and Level Annotations

Branches:
Dungeon (2/15)

Altars:


Innate Abilities, Weirdness & Mutations

You regenerate a little health from kills.


Message History

Press: ? - help, Shift-Dir - straight line, f - adder
Aim: an adder (severely wounded, 100% to hit)
The magic dart hits the adder.
The adder is almost dead.
You feel sick. The adder closely misses you.
Casting: Magic Dart (safe; 11% risk of failure)
Confirm with . or Enter, or press ? or * to list all spells.
Aiming: Magic Dart (safe; 11% risk of failure)
Press: ? - help, Shift-Dir - straight line, f/p - adder
Aim: an adder (severely wounded, 100% to hit)
The magic dart hits the adder.
The adder is almost dead.
You feel sick. The adder bites you.
Casting: Magic Dart (safe; 11% risk of failure)
Confirm with . or Enter, or press ? or * to list all spells.
Aiming: Magic Dart (safe; 11% risk of failure)
Press: ? - help, Shift-Dir - straight line, f/p - adder
Aim: an adder (almost dead, 100% to hit)
The magic dart hits the adder.
The adder is almost dead.
You feel sick. The adder completely misses you. The adder bites you.
You barely miss the adder.
The adder is almost dead.
You feel sick.
You are no longer poisoned.
The adder bites you.
* * * LOW HITPOINT WARNING * * *
You are lethally poisoned!
The adder poisons you!
Casting: Magic Dart (safe; 11% risk of failure)
Confirm with . or Enter, or press ? or * to list all spells.
Aiming: Magic Dart (safe; 11% risk of failure)
Press: ? - help, Shift-Dir - straight line, f/p - adder
Aim: an adder (almost dead, 100% to hit)
You miscast Magic Dart.
You are very lightly contaminated with residual magic.
Nothing appears to happen.
* * * LOW HITPOINT WARNING * * *
You feel sick. The adder bites you.
You die...

#######.######..........
######......############
.........###.#
#######..# # #..# # #.
#..#####.# ##
#.##<.#.....# #.#
#..........#
#.#.##.@S...#. #
##.##....#.....
#.##...........###
#..........#.#...
####..##.###.# ##
###..##†# .# #....##.# #
#.#.###.# #.#.# #.#


You could see an adder.

Vanquished Creatures
  A dart slug (D:2)
  3 ball pythons (D:1)
  3 endoplasms
  2 goblins (D:1)
  2 hobgoblins (D:1)
  A kobold (D:1)
  5 bats
  2 frilled lizards
  A rat (D:1)
20 creatures vanquished.

Vanquished Creatures (collateral kills)
  A ribbon worm (D:2)
1 creature vanquished.

Grand Total: 21 creatures vanquished

Notes
Turn   | Place    | Note
-------+----------+-------------------------------------------
     0 | D:1      | PimpSugar the Demonspawn Hedge Wizard began the quest for
                  | the Orb.
     0 | D:1      | Reached XP level 1. HP: 13/13 MP: 4/4
   154 | D:1      | Reached skill level 1 in Translocations
   219 | D:1      | Gained mutation: You regenerate a little health from kills.
                  | [demonic ancestry]
   219 | D:1      | Reached XP level 2. HP: 20/20 MP: 1/6
   222 | D:1      | Learned a level 2 spell: Call Imp
  1180 | D:2      | Got the Compilation of the Fjord and Injury
  1249 | D:2      | Slain by an adder

Illustrated notes

Levels and vault maps discovered:
D:1:      saegor_arrival_simple_c, layout_rooms, nrook_mini_backslash,
          eino_curves_02
D:2:      layout_loops_ring

Skill      XL: |  1  2 |
---------------+-------+-----
Translocations | 1 |  1.1
Stealth        | 2 |  2.0
Fighting       | |  0.6
Dodging        | |  1.9
Spellcasting   | |  3.2
Conjurations   | |  1.5
Summonings     | |  1.3

Action                     || total
---------------------------++-------
  Melee: Dagger            ||    12
         Rapier            ||    13
   Cast: Magic Dart        ||    37
         Call Imp          ||     2
   Stab: Sleeping          ||     1
 Armour: Robe              ||    19
  Dodge: Dodged            ||    21

Table legend: (Time is in decaauts)
 A = Elapsed time spent in this place.
 B = Non-inter-level travel time spent in this place.
 C = Inter-level travel time spent in this place.
 D = Time resting spent in this place.
 E = Time spent auto-exploring this place.
 F = Levels seen in this place.
 G = Mean time per level.
                   A        B        C        D        E       F      G
               +--------+--------+--------+--------+--------+-----+--------+
         Total |   1249 |   1162 |     87 |     63 |    809 |   2 |  624.5 |
       Dungeon |   1249 |   1162 |     87 |     63 |    809 |   2 |  624.5 |
               +--------+--------+--------+--------+--------+-----+--------+

Top non-repeatable levels by time:
     D:1: 791 daAuts
     D:2: 458 daAuts
